 Dungeon Crawl Stone Soup version 0.29.0-7-g18a832c13a (webtiles) character file.

Game seed: 16910470620770027720

406 Ordine the Conjurer (level 6, -9/33 HPs)
             Began as a Deep Elf Conjurer on Aug 30, 2022.
             Mangled by Edmund
             ... wielding a +2 dire flail of holy wrath
              (16 damage)
             ... on level 4 of the Dungeon.
             The game lasted 00:06:04 (3636 turns).

Ordine the Conjurer (Deep Elf Conjurer)             Turns: 3636, Time: 00:06:04

Health: -9/33      AC:  2    Str:  4    XL:     6   Next: 56%
Magic:  9/16       EV: 13    Int: 25    God:
Gold:   175        SH:  0    Dex: 13    Spells: 8/15 levels left

rFire   . . .      SeeInvis .   (no weapon)
rCold   . . .      Faith    .   (no shield)
rNeg    . . .      Spirit   .   a - +0 robe
rPois   .          Reflect  .   (no helmet)
rElec   .          Harm     .   c - scarf {repulsion}
rCorr   .          Rampage  .   (no gloves)
Will    .....                   (no boots)
Stlth   ++........              m - amulet of regeneration
HPRegen 0.91/turn               (no ring)
MPRegen 0.15/turn               (no ring)

@: mighty, repel missiles
A: no striking features
a: no special abilities


You were on level 4 of the Dungeon.
You visited 1 branch of the dungeon, and saw 4 of its levels.

You collected 175 gold pieces.

Inventory:

Armour
 a - a +0 robe (worn)
 c - a scarf of repulsion (worn)
 x - a scarf of shadows
Magical Staves
 g - a staff of death
Jewellery
 l - an amulet of faith
 m - an amulet of regeneration (around neck)
 u - an amulet of reflection
Wands
 t - a wand of roots (4)
Scrolls
 d - a scroll of enchant weapon {unknown}
 h - a scroll of brand weapon {unknown}
 i - a scroll of noise {unknown}
 j - 3 scrolls of identify {unknown}
 n - 3 scrolls of teleportation {unknown}
 o - 2 scrolls of magic mapping {unknown}
 v - a scroll of poison {unknown}
Potions
 b - a potion of magic
 e - a potion of might
 f - 2 potions of curing {unknown}
 k - 3 potions of lignification {unknown}
 p - 2 potions of heal wounds {unknown}
 q - a potion of flight {unknown}
 r - a potion of berserk rage {unknown}
 s - a potion of ambrosia {unknown}
 w - a potion of invisibility {unknown}


   Skills:
 + Level 0.4 Fighting
 + Level 3.3 Dodging
 + Level 3.3 Stealth
 + Level 5.3 Spellcasting
 * Level 6.9 Conjurations
 + Level 1.0 Translocations
 + Level 0.8 Evocations


You had 8 spell levels left.
You knew the following spells:

 Your Spells              Type           Power      Damage    Failure   Level
a - Magic Dart            Conj           100%       1d8       1%          1
b - Searing Ray           Conj           82%        2d7       1%          2
c - Iskenderun's Mystic   Conj/Tloc      26%        2d7       16%         4

Your spell library contained the following spells:

 Spells                   Type           Power      Damage    Failure   Level
 Dazzling Flash           Conj/Hex       48%        N/A       6%          3
 Fulminant Prism          Conj/Hex       12%        3d9       19%         4


Dungeon Overview and Level Annotations

Branches:
Dungeon (4/15)
 Temple: D:4-7

Altars:

Annotations:
D:4 Edmund


Message History

Edmund shouts!
You hear a bark!
The magic dart hits Edmund.
Edmund is lightly wounded.
The magic dart hits Edmund but does no damage.
Edmund is lightly wounded.
Casting: Magic Dart (safe; 1% risk of failure)
Confirm with . or Enter, or press ? or * to list all spells.
Aiming: Searing Ray (safe; 1% risk of failure)
Press: ? - help, Shift-Dir - straight line, f/p - Edmund
Aim: Edmund, wielding a +2 dire flail of holy wrath and wearing a +0 ring mail (lightly wounded, 84% to hit)
The searing ray misses Edmund. (Press . to maintain the ray.)
The searing ray hits Edmund.
Edmund is moderately wounded.
The searing ray hits Edmund.
Edmund is moderately wounded.
The searing ray misses Edmund.
You finish channelling your searing ray.
Edmund hits you with a +2 dire flail of holy wrath!
Edmund attacks as you move away!
Edmund hits you with a +2 dire flail of holy wrath!
Edmund attacks as you move away! Edmund closely misses you.
Casting: Searing Ray (safe; 1% risk of failure)
Confirm with . or Enter, or press ? or * to list all spells.
The spell is extremely dangerous to miscast (16% risk of failure)!
Continue anyway?
Okay, then.
Edmund attacks as you move away!
Edmund hits you with a +2 dire flail of holy wrath!
* * * LOW HITPOINT WARNING * * *
Okay, then.
Edmund attacks as you move away! Edmund closely misses you.
Edmund attacks as you move away!
Edmund hits you with a +2 dire flail of holy wrath!
* * * LOW HITPOINT WARNING * * *
It was a potion of might.
You feel very mighty all of a sudden. Edmund closely misses you.
Edmund attacks as you move away!
Edmund hits you with a +2 dire flail of holy wrath!
You die...

.. #....# #. #..).# ### #.
#....# .. #. ##.### .#
#.###.####.# #........).#
#######........## ###
..######.S............#
##............@@...........#
......######..######.......#
...##.####...## #<.....##
#..#......### #.....##
##.......### ##...##
#.....##.# #....# ..#.....#
...#^# # ####..# #...#.#
#..### ..# #


You could see Edmund and a ball python.

Vanquished Creatures
  Sigmund (D:2)
  An ogre (D:4)
  An orc wizard (D:3)
  Terence (D:2)
  3 adders
  3 worms
  2 dart slugs
  2 orcs (D:3)
  5 endoplasms
  2 giant cockroaches
  12 goblins
  9 hobgoblins
  A jackal (D:3)
  3 kobolds
  3 quokkas (D:1)
  3 ball pythons
  5 bats (D:1)
  2 frilled lizards
  5 rats
64 creatures vanquished.

Notes
Turn   | Place    | Note
-------+----------+-------------------------------------------
     0 | D:1      | Ordine the Deep Elf Conjurer began the quest for the Orb.
     0 | D:1      | Reached XP level 1. HP: 10/10 MP: 6/6
   230 | D:1      | Reached XP level 2. HP: 15/15 MP: 6/8
   291 | D:1      | Learned a level 2 spell: Searing Ray
  1019 | D:1      | Reached XP level 3. HP: 19/19 MP: 6/9
  1516 | D:2      | Reached skill level 5 in Conjurations
  1928 | D:2      | Noticed Sigmund
  1935 | D:2      | Killed Sigmund
  1936 | D:2      | Reached skill level 5 in Spellcasting
  1936 | D:2      | Reached skill level 6 in Conjurations
  1936 | D:2      | Reached XP level 4. HP: 20/24 MP: 2/13
  1936 | D:2      | Reached XP level 5. HP: 24/28 MP: 2/14
  2042 | D:2      | Noticed Terence
  2048 | D:2      | Killed Terence
  2101 | D:2      | Learned a level 4 spell: Iskenderun's Mystic Blast
  2267 | D:2      | Reached XP level 6. HP: 32/32 MP: 10/15
  3130 | D:3      | Found a faded altar of an unknown god.
  3434 | D:4      | Noticed Edmund
  3541 | D:4      | Reached skill level 1 in Translocations
  3636 | D:4      | Mangled by Edmund

Illustrated notes

Levels and vault maps discovered:
D:1:      beargit_arrival_greenhouse, layout_loops_corners, minmay_pentomino_s2
D:2:      kennysheep_the_goblin_king, layout_basic, nicolae_titane,
          uniq_terence, uniq_sigmund
D:3:      wander_river, layout_loops_ring,
          shapermc_ecumenical_altar_totnotflames
D:4:      layout_rooms, grunt_temple_overflow_diamond, uniq_edmund

Skill      XL: |  1  2  3  4  5  6 |
---------------+-------------------+-----
Stealth        | 3 |  3.3
Dodging        | 3 |  3.3
Conjurations   | 6 |  6.9
Spellcasting   | 5 |  5.3
Translocations | 1 |  1.0
Fighting       | |  0.4
Evocations     | |  0.8

Action                   |  1- 3 |  4- 6 || total
-------------------------+-------+-------++-------
Melee: Unarmed           |       |     1 ||     1
 Cast: Magic Dart        |    83 |    49 ||   132
       Searing Ray       |     2 |     5 ||     7
  Use: Potion            |       |     1 ||     1
Armor: Robe              |     2 |     4 ||     6
Dodge: Dodged            |     3 |    15 ||    18
